 Dungeon Crawl Stone Soup version 0.29-a0-892-g2c4c91d9db (webtiles) character file.

Game seed: 18366128084817866781

56 clackabat the Cudgeller (level 3, -6/24 HPs)
             Began as a Gargoyle Monk on July 21, 2022.
             Killed from afar by a white imp (10 damage)
             ... with a puff of frost
             ... summoned by Natasha
             ... on level 2 of the Dungeon on July 22, 2022.
             The game lasted 00:03:35 (1960 turns).

clackabat the Cudgeller (Gargoyle Monk)             Turns: 1960, Time: 00:03:36

Health: -6/24      AC:  5    Str: 14    XL:     3   Next: 95%
Magic:  3/3        EV: 12    Int: 12    God:
Gold:   127        SH:  0    Dex: 12    Spells: 2/2 levels left

rFire   . . .      SeeInvis .   a - +0 mace
rCold   . . .      Faith    .   (no shield)
rNeg    + . .      Spirit   .   b - +0 robe
rPois   ∞          Reflect  .   (no helmet)
rElec   +          Harm     .   d - scarf {repulsion}
rCorr   .          Rampage  .   (no gloves)
Will    .....                   (no boots)
Stlth   ++........              (no amulet)
HPRegen 0.08/turn               (no ring)
MPRegen 0.08/turn               (no ring)

@: repel missiles
A: sickness immunity, AC +3, negative energy resistance 1, electricity
resistance, torment resistance 1, petrification resistance
a: no special abilities


You were on level 2 of the Dungeon.
You visited 1 branch of the dungeon, and saw 2 of its levels.

You collected 127 gold pieces.

Inventory:

Hand Weapons
 a - a +0 mace (weapon)
Armour
 b - a +0 robe (worn)
 d - a scarf of repulsion (worn)
Scrolls
 e - a scroll of teleportation {unknown}
 h - a scroll of amnesia {unknown}
 j - 2 scrolls of identify {unknown}
 k - a scroll of noise {unknown}
Potions
 c - 2 potions of ambrosia
 f - 3 potions of flight {unknown}
 g - 4 potions of mutation {unknown}
 i - a potion of curing {unknown}
 l - a potion of invisibility {unknown}


   Skills:
 + Level 4.0 Fighting
 * Level 4.2 Maces & Flails
 - Level 2.4 Dodging
 - Level 2.1 Stealth


You had 2 spell levels left.
You didn't know any spells.
Your spell library was empty.

Dungeon Overview and Level Annotations

Branches:
Dungeon (2/15)

Altars:

Annotations:
D:2 Natasha


Innate Abilities, Weirdness & Mutations

You are immune to sickness and miasma.
Your stone body is resilient. (AC +3)
You are immune to poison.
You resist negative energy. (rN+)
You are resistant to electric shocks. (rElec)
You are resistant to unholy torment.
You are immune to petrification.


Message History

The bat zombie closely misses you. The bat zombie misses you.
The bat zombie completely misses you.
You barely miss Natasha.
The bat zombie hits the withered plant.
The withered plant begins to crumble.
The bat zombie hits the withered plant.
The quokka skeleton barely misses you.
The bat zombie hits the withered plant.
Natasha claws you.
You closely miss Natasha.
The bat zombie hits the withered plant. x3
The quokka skeleton bites you.
The crimson imp hits you but does no damage.
Natasha claws you.
You hit Natasha but do no damage.
The bat zombie hits the withered plant. x2
The quokka skeleton bites you. Natasha claws you.
The crimson imp closely misses you.
The bat zombie hits the withered plant.
You hit Natasha.
Natasha is lightly wounded.
The bat zombie hits the withered plant. x2; The quokka skeleton misses you.
Natasha casts a spell at you. You resist with significant effort.
The crimson imp hits you.
The bat zombie hits the withered plant.
You barely miss Natasha.
Natasha is lightly wounded.
The withered plant crumbles away.
The crimson imp closely misses you. Natasha casts a spell at you.
The magic dart hits you!
* * * LOW HITPOINT WARNING * * *
The crimson imp misses you. Natasha misses you.
You hit Natasha but do no damage.
Natasha is lightly wounded.
The white imp misses you.
The crimson imp blinks!
Natasha stares at you and mumbles some strange words.
You resist with significant effort.
You closely miss Natasha.
Natasha is lightly wounded.
The white imp hits you but does no damage.
The crimson imp barely misses you. Natasha barely misses you.
You hit Natasha.
Natasha is moderately wounded.
The white imp gestures at you. The puff of frost hits you!
You die... ♣♣♣♣♣ ♣♣.♣PP♣♣♣### ♣PP...PP♣..# ♣...)8:♣♣#.# ♣♣Z....P #.# ♣ZZZZ.

#.# ♣♣5h5♣ #.# ♣P.@♣
#.# ♣P.P♣ #.# ♣P.P♣
#.# #♣P..♣ #.#
#..P♣♣#######.#
#..♣♣.........#######
#.....#######....^..#
####### #######.. ###


You could see Natasha, a crimson imp (summoned), a white imp (summoned), 2 bat
zombies, a ball python zombie, a quokka zombie and a quokka skeleton.

Vanquished Creatures
  2 adders (D:2)
  An adder skeleton (D:2)
  A worm (D:2)
  2 dart slugs (D:1)
  4 endoplasms
  A giant cockroach (D:1)
  A goblin (D:1)
  A hobgoblin (D:2)
  2 ball pythons (D:1)
  5 bats
  A frilled lizard (D:2)
  5 kobolds
  A rat (D:1)
27 creatures vanquished.

Vanquished Creatures (others)
  8 withered plants (D:2)
8 creatures vanquished.

Grand Total: 35 creatures vanquished

Notes
Turn   | Place    | Note
-------+----------+-------------------------------------------
     0 | D:1      | clackabat the Gargoyle Monk began the quest for the Orb.
     0 | D:1      | Reached XP level 1. HP: 14/14 MP: 1/1
   324 | D:1      | Reached XP level 2. HP: 19/19 MP: 2/2
  1160 | D:1      | Found a faded altar of an unknown god.
  1165 | D:1      | Upgraded the game from 0.29-a0-887-gcbe080d7e0 to
                  | 0.29-a0-892-g2c4c91d9db
  1253 | D:2      | Reached XP level 3. HP: 22/24 MP: 3/3
  1943 | D:2      | Noticed Natasha
  1944 | D:2      | Found the +4 dagger "Morg" {pain, Will+ Int+5}
  1960 | D:2      | Killed from afar by a white imp

Illustrated notes

Levels and vault maps discovered:
D:1:      onia_arrival_mini_spirals, layout_basic,
          shapermc_ecumenical_altar_hornbeckon, chequers_serial_rivers_room_b,
          minmay_crystal_room
D:2:      layout_loops_ring, hangedman_feature_mirror, dilly_guarded_unrand_morg

Skill      XL: |  1  2  3 |
---------------+----------+-----
Maces & Flails | 4 |  4.2
Fighting       | 4 |  4.0
Dodging        | |  2.4
Stealth        | |  2.1

Action                   || total
-------------------------++-------
Melee: Mace              ||    87
 Stab: Sleeping          ||     7
Armor: Robe              ||    27
Dodge: Dodged            ||    72

Table legend: (Time is in decaauts)
 A = Elapsed time spent in this place.
 B = Non-inter-level travel time spent in this place.
 C = Inter-level travel time spent in this place.
 D = Time resting spent in this place.
 E = Time spent auto-exploring this place.
 F = Levels seen in this place.
 G = Mean time per level.
                   A        B        C        D        E       F      G
               +--------+--------+--------+--------+--------+-----+--------+
         Total |   1990 |   1909 |     81 |     39 |   1627 |   2 |  995.0 |
       Dungeon |   1990 |   1909 |     81 |     39 |   1627 |   2 |  995.0 |
               +--------+--------+--------+--------+--------+-----+--------+

Top non-repeatable levels by time:
     D:1: 1238 daAuts
     D:2: 752 daAuts
